TOP OF THE 1ST |
Philadelphia Phillies batting - Pitching for St. Louis Cardinals : RHP Chris Bassitt
|
Pitching: RHP Chris Bassitt
|
|
Batting: RHB Amed Rosario
|
0-0: Ground out 4-3 (Groundball, 34)
|
Batting: RHB Todd Frazier
|
0-0: Called Strike 0-1: Ball 1-1: Ball 2-1: Fly out, F8 (Line Drive, 8LD)
|
Batting: RHB Giancarlo Stanton
|
0-0: Called Strike 0-1: Ground out 6-3 (Groundball, 6)
|
Top of the 1st over - 0 runs, 0 hits, 0 errors, 0 left on base; Philadelphia 0 - St. Louis 0 |
BOTTOM OF THE 1ST |
St. Louis Cardinals batting - Pitching for Philadelphia Phillies : LHP Amir Garrett
|
Pitching: LHP Amir Garrett
|
|
Batting: SHB Ozzie Albies
|
0-0: Foul Ball, location: 2F 0-1: Bunt for hit - play at first, batter safe!
|
Batting: RHB Alex Bregman
|
0-0: Ball 1-0: Foul Ball, location: 2F 1-1: Fly out, F6 (Line Drive, 6)
|
Batting: RHB Jose Alberto Martinez
|
0-0: Ball 1-0: Called Strike 1-1: Ball 2-1: Fielders Choice at 2nd, 4-6 (Groundball, 4)
|
Batting: LHB Alex Avila
|
0-0: Called Strike 0-1: Swinging Strike 0-2: Ball 1-2: Foul Ball, location: 2F 1-2: Strikes out swinging
|
Bottom of the 1st over - 0 runs, 1 hit, 0 errors, 1 left on base; Philadelphia 0 - St. Louis 0 |
TOP OF THE 2ND |
Philadelphia Phillies batting - Pitching for St. Louis Cardinals : RHP Chris Bassitt
|
Batting: LHB Justin Bour
|
0-0: Foul Ball, location: 2F 0-1: Ball 1-1: Ball 2-1: Ball 3-1: Base on Balls
|
Batting: LHB Kole Calhoun
|
0-0: Ball 1-0: Called Strike 1-1: Ball 2-1: Foul Ball, location: 2F 2-2: Ball 3-2: Base on Balls Justin Bour to second
|
Batting: RHB Carson Kelly
|
0-0: Ball 1-0: Called Strike 1-1: Swinging Strike 1-2: Ball 2-2: Fly out, F9 (Line Drive, 9)
|
Batting: RHB Scott Kingery
|
0-0: Foul Ball, location: 2F 0-1: Fielders Choice at 2nd, 1-6 (Groundball, 34S) Justin Bour to third
|
Batting: RHB Carlos Tocci
|
0-0: Fielders Choice at 2nd, 6-4 (Groundball, 6)
|
Top of the 2nd over - 0 runs, 0 hits, 0 errors, 2 left on base; Philadelphia 0 - St. Louis 0 |
BOTTOM OF THE 2ND |
St. Louis Cardinals batting - Pitching for Philadelphia Phillies : LHP Amir Garrett
|
Batting: RHB Harrison Bader
|
0-0: Called Strike 0-1: Ground out 4-3 (Groundball, 4)
|
Batting: LHB Brett Phillips
|
0-0: Ball 1-0: Ball 2-0: Ball 3-0: Base on Balls
|
Batting: RHB Yan Gomes
|
0-0: Called Strike 0-1: Swinging Strike 0-2: Foul Ball, location: 2F 0-2: Ball 1-2: Strikes out looking
|
Batting: RHB Adeiny Hechavarria
|
0-0: Fielders Choice at 2nd, 6-4 (Groundball, 6)
|
Bottom of the 2nd over - 0 runs, 0 hits, 0 errors, 1 left on base; Philadelphia 0 - St. Louis 0 |
TOP OF THE 3RD |
Philadelphia Phillies batting - Pitching for St. Louis Cardinals : RHP Chris Bassitt
|
Batting: RHB Amir Garrett
|
0-0: Swinging Strike 0-1: SINGLE (Groundball, 4MD)
|
Batting: RHB Amed Rosario
|
0-0: Ball 1-0: Foul Ball, location: 2F 1-1: Swinging Strike 1-2: Foul Ball, location: 2F 1-2: Foul Ball, location: 2F 1-2: Ball 2-2: Ball 3-2: Strikes out swinging
|
Batting: RHB Todd Frazier
|
0-0: Foul Ball, location: 2F 0-1: Ground out 4-3 (Groundball, 4S) Amir Garrett to second
|
Batting: RHB Giancarlo Stanton
|
0-0: Ball 1-0: Called Strike 1-1: Ball 2-1: Foul Ball, location: 2F 2-2: SINGLE (Line Drive, 7S) Amir Garrett to third
|
Batting: LHB Justin Bour
|
0-0: Ball 1-0: Fly out, F9 (Flyball, 9S)
|
Top of the 3rd over - 0 runs, 2 hits, 0 errors, 2 left on base; Philadelphia 0 - St. Louis 0 |
BOTTOM OF THE 3RD |
St. Louis Cardinals batting - Pitching for Philadelphia Phillies : LHP Amir Garrett
|
Batting: RHB Chris Bassitt
|
0-0: Fly out, F8 (Flyball, 89D)
|
Batting: SHB Ozzie Albies
|
0-0: Called Strike 0-1: Swinging Strike 0-2: Foul Ball, location: 2F 0-2: SINGLE (Groundball, 4MD)
|
Batting: RHB Alex Bregman
|
0-0: Foul Ball, location: 2F 0-1: Ball 1-1: Ball 2-1: Swinging Strike 2-2: Strikes out swinging
|
Batting: RHB Jose Alberto Martinez
|
0-0: Foul Ball, location: 2F 0-1: Ground out 5-3 (Groundball, 5S)
|
Bottom of the 3rd over - 0 runs, 1 hit, 0 errors, 1 left on base; Philadelphia 0 - St. Louis 0 |
TOP OF THE 4TH |
Philadelphia Phillies batting - Pitching for St. Louis Cardinals : RHP Chris Bassitt
|
Batting: LHB Kole Calhoun
|
0-0: Ball 1-0: Called Strike 1-1: Ball 2-1: Called Strike 2-2: Foul Ball, location: 2F 2-2: Ball 3-2: Fly out, F9 (Flyball, 9S)
|
Batting: RHB Carson Kelly
|
0-0: Called Strike 0-1: Ball 1-1: Ball 2-1: Called Strike 2-2: Ball 3-2: DOUBLE (Flyball, 78XD)
|
Batting: RHB Scott Kingery
|
0-0: Fly out, F9 (Flyball, 89D)
|
Batting: RHB Carlos Tocci
|
0-0: Intentional Walk
|
Batting: RHB Amir Garrett
|
0-0: Ball 1-0: Fly out, F7 (Flyball, 7S)
|
Top of the 4th over - 0 runs, 1 hit, 0 errors, 2 left on base; Philadelphia 0 - St. Louis 0 |
BOTTOM OF THE 4TH |
St. Louis Cardinals batting - Pitching for Philadelphia Phillies : LHP Amir Garrett
|
Batting: LHB Alex Avila
|
0-0: Ball 1-0: Ball 2-0: Foul Ball, location: 2F 2-1: Foul Ball, location: 2F 2-2: Ground out 4-3 (Groundball, 4)
|
Batting: RHB Harrison Bader
|
0-0: Ball 1-0: Called Strike 1-1: Ball 2-1: Ball 3-1: Foul Ball, location: 2F 3-2: Strikes out swinging
|
Batting: LHB Brett Phillips
|
0-0: Foul Ball, location: 2F 0-1: Foul Ball, location: 2F 0-2: Foul Ball, location: 2F 0-2: Ball 1-2: Ball 2-2: Foul Ball, location: 2F 2-2: Fly out, F8 (Flyball, 8LS)
|
Bottom of the 4th over - 0 runs, 0 hits, 0 errors, 0 left on base; Philadelphia 0 - St. Louis 0 |
TOP OF THE 5TH |
Philadelphia Phillies batting - Pitching for St. Louis Cardinals : RHP Chris Bassitt
|
Batting: RHB Amed Rosario
|
0-0: Called Strike 0-1: Swinging Strike 0-2: Ball 1-2: Strikes out swinging
|
Batting: RHB Todd Frazier
|
0-0: Swinging Strike 0-1: Ball 1-1: Ball 2-1: Ball 3-1: Called Strike 3-2: Foul Ball, location: 2F 3-2: Base on Balls
|
Batting: RHB Giancarlo Stanton
|
0-0: Called Strike 0-1: Grounds into double play, 4-6-3 (Groundball, 34)
|
Top of the 5th over - 0 runs, 0 hits, 0 errors, 0 left on base; Philadelphia 0 - St. Louis 0 |
BOTTOM OF THE 5TH |
St. Louis Cardinals batting - Pitching for Philadelphia Phillies : LHP Amir Garrett
|
Batting: RHB Yan Gomes
|
0-0: Ball 1-0: Called Strike 1-1: Ball 2-1: Foul Ball, location: 2F 2-2: SOLO HOME RUN (Flyball, 78XD), Distance : 400 ft
|
Batting: RHB Adeiny Hechavarria
|
0-0: Ball 1-0: Called Strike 1-1: Bunt missed! 1-2: Ball 2-2: Strikes out swinging
|
Batting: RHB Chris Bassitt
|
0-0: Ball 1-0: Ball 2-0: Called Strike 2-1: SINGLE (Groundball, 56D)
|
Batting: SHB Ozzie Albies
|
0-0: Foul Ball, location: 2F 0-1: Grounds into double play, 4-6-3 (Groundball, 4)
|
Bottom of the 5th over - 1 run, 2 hits, 0 errors, 0 left on base; Philadelphia 0 - St. Louis 1 |
TOP OF THE 6TH |
Philadelphia Phillies batting - Pitching for St. Louis Cardinals : RHP Chris Bassitt
|
Batting: LHB Justin Bour
|
0-0: Called Strike 0-1: Foul Ball, location: 2F 0-2: Ball 1-2: Fly out, F9 (Line Drive, 9S)
|
Batting: LHB Kole Calhoun
|
0-0: Ball 1-0: Foul Ball, location: 2F 1-1: Ball 2-1: Swinging Strike 2-2: SINGLE (Line Drive, 3D)
|
Batting: RHB Carson Kelly
|
0-0: Foul Ball, location: 2F 0-1: Foul Ball, location: 2F 0-2: Ball 1-2: Ball 2-2: Ball 3-2: Base on Balls Kole Calhoun to second
|
Batting: RHB Scott Kingery
|
0-0: Hit by Pitch Kole Calhoun to third Carson Kelly to second
|
Batting: RHB Carlos Tocci
|
0-0: Ball 1-0: Foul Ball, location: 2F 1-1: Foul Ball, location: 2F 1-2: Foul Ball, location: 2F 1-2: Strikes out swinging
|
Batting: RHB Amir Garrett
|
0-0: Fly out, F9 (Line Drive, 9)
|
Top of the 6th over - 0 runs, 1 hit, 0 errors, 3 left on base; Philadelphia 0 - St. Louis 1 |
BOTTOM OF THE 6TH |
St. Louis Cardinals batting - Pitching for Philadelphia Phillies : LHP Amir Garrett
|
Batting: RHB Alex Bregman
|
0-0: Ball 1-0: Called Strike 1-1: Called Strike 1-2: Foul Ball, location: 2F 1-2: Ground out U3 (Groundball, 34)
|
Batting: RHB Jose Alberto Martinez
|
0-0: Ball 1-0: SINGLE (Groundball, 56D)
|
Batting: LHB Alex Avila
|
0-0: Ball 1-0: Ball 2-0: Swinging Strike 2-1: Called Strike 2-2: Strikes out swinging
|
Batting: RHB Harrison Bader
|
0-0: Ball 1-0: Fielders Choice at 2nd, 5-4 (Groundball, 5)
|
Bottom of the 6th over - 0 runs, 1 hit, 0 errors, 1 left on base; Philadelphia 0 - St. Louis 1 |
TOP OF THE 7TH |
Philadelphia Phillies batting - Pitching for St. Louis Cardinals : RHP Chris Bassitt
|
Batting: RHB Amed Rosario
|
0-0: Foul Ball, location: 2F 0-1: Called Strike 0-2: Ball 1-2: Ball 2-2: Foul Ball, location: 2F 2-2: Ball 3-2: Strikes out swinging
|
Pitching: RHP Brad Ziegler
|
|
Batting: RHB Todd Frazier
|
0-0: Ball 1-0: Ball 2-0: Ball 3-0: Called Strike 3-1: Swinging Strike 3-2: Ground out 5-3 (Groundball, 56)
|
Batting: RHB Giancarlo Stanton
|
0-0: Foul Ball, location: 2F 0-1: Ground out 6-3 (Groundball, 6)
|
Top of the 7th over - 0 runs, 0 hits, 0 errors, 0 left on base; Philadelphia 0 - St. Louis 1 |
BOTTOM OF THE 7TH |
St. Louis Cardinals batting - Pitching for Philadelphia Phillies : LHP Amir Garrett
|
Batting: LHB Brett Phillips
|
0-0: Ball 1-0: Fly out, F7 (Flyball, 7LSF)
|
Batting: RHB Yan Gomes
|
0-0: Called Strike 0-1: Foul Ball, location: 2F 0-2: Fly out, F4 (Flyball, 34D)
|
Batting: RHB Adeiny Hechavarria
|
0-0: Ball 1-0: Ball 2-0: Ball 3-0: Called Strike 3-1: SOLO HOME RUN (Flyball, 89XD), Distance : 402 ft
|
Pinch Hitting: RHB Mark Reynolds
|
0-0: Ball 1-0: Ball 2-0: DOUBLE (Line Drive, 7LM)
|
Pitching: RHP Nate Jones
|
|
Batting: SHB Ozzie Albies
|
0-0: Ball 1-0: Foul Ball, location: 2F 1-1: Ground out 1-3 (Groundball, P)
|
Bottom of the 7th over - 1 run, 2 hits, 0 errors, 1 left on base; Philadelphia 0 - St. Louis 2 |
TOP OF THE 8TH |
Philadelphia Phillies batting - Pitching for St. Louis Cardinals : RHP Brad Ziegler
|
Pitching: RHP Fernando Rodney
|
|
Batting: LHB Justin Bour
|
0-0: Called Strike 0-1: Called Strike 0-2: Ball 1-2: Ground out 4-3 (Groundball, 4S)
|
Batting: LHB Kole Calhoun
|
0-0: Foul Ball, location: 2F 0-1: Ground out 1-3 (Groundball, 23)
|
Batting: RHB Carson Kelly
|
0-0: Ball 1-0: Ball 2-0: Ball 3-0: Called Strike 3-1: Swinging Strike 3-2: Base on Balls
|
Batting: RHB Scott Kingery
|
0-0: Ball 1-0: Called Strike 1-1: Ball 2-1: Called Strike 2-2: Strikes out swinging
|
Top of the 8th over - 0 runs, 0 hits, 0 errors, 1 left on base; Philadelphia 0 - St. Louis 2 |
BOTTOM OF THE 8TH |
St. Louis Cardinals batting - Pitching for Philadelphia Phillies : RHP Nate Jones
|
Batting: RHB Alex Bregman
|
0-0: Ball 1-0: Ball 2-0: DOUBLE (Line Drive, 7LS)
|
Batting: RHB Jose Alberto Martinez
|
0-0: Called Strike 0-1: Ball 1-1: Ball 2-1: Ground out 5-3 (Groundball, 56)
|
Batting: LHB Alex Avila
|
0-0: Intentional Walk
|
Batting: RHB Harrison Bader
|
0-0: Ball 1-0: Ball 2-0: Ball 3-0: Called Strike 3-1: Base on Balls Alex Bregman to third Alex Avila to second
|
Batting: LHB Brett Phillips
|
0-0: Foul Ball, location: 2F 0-1: Ball 1-1: Swinging Strike 1-2: Foul Ball, location: 2F 1-2: Ball 2-2: Ball 3-2: Foul Ball, location: 2F 3-2: Strikes out swinging
|
Batting: RHB Yan Gomes
|
0-0: Swinging Strike 0-1: Swinging Strike 0-2: Foul Ball, location: 2F 0-2: Ball 1-2: Foul Ball, location: 2F 1-2: Strikes out looking
|
Bottom of the 8th over - 0 runs, 1 hit, 0 errors, 3 left on base; Philadelphia 0 - St. Louis 2 |
TOP OF THE 9TH |
Philadelphia Phillies batting - Pitching for St. Louis Cardinals : RHP Fernando Rodney
|
Pitching: RHP Mark Melancon
|
|
Now at 1B: Eduardo Escobar
|
|
Batting: RHB Carlos Tocci
|
0-0: Foul Ball, location: 2F 0-1: Swinging Strike 0-2: Strikes out swinging
|
Pinch Hitting: LHB Nicky Delmonico
|
0-0: Called Strike 0-1: Foul Ball, location: 2F 0-2: Strikes out swinging
|
Batting: RHB Amed Rosario
|
0-0: Called Strike 0-1: Foul Ball, location: 2F 0-2: Ball 1-2: Ball 2-2: Ball 3-2: SINGLE (Line Drive, 78S)
|
Batting: RHB Todd Frazier
|
0-0: Ball 1-0: Ground out 1-3 (Groundball, 15S)
|
Top of the 9th over - 0 runs, 1 hit, 0 errors, 1 left on base; Philadelphia 0 - St. Louis 2 |
|